 Dungeon Crawl Stone Soup version 0.17.2-1-ge4368a0 (webtiles) character file.

30 ololoev the Chopper (level 3, 0/31 HPs)
             Began as a Hill Orc Gladiator on July 22, 2016.
             Slain by an orc (2 damage)
             ... on level 3 of the Dungeon.
             The game lasted 00:02:21 (232 turns).

ololoev the Chopper (Hill Orc Gladiator)             Turns: 232, Time: 00:02:21

Health: 0/31       AC:  7    Str: 18    XL:     3   Next: 20%
Magic:  3/3        EV:  7    Int:  8    God:
Gold:   3          SH:  0    Dex: 11    Spells: 0 memorised, 2 levels left

rFire  . . .     SeeInvis .     a - +0 war axe
rCold  . . .     Clarity  .     g - -2 chain mail (curse)
rNeg   . . .     SustAt   .     (no shield)
rPois  .         Gourm    .     c - +0 helmet
rElec  .         Spirit   .     (no cloak)
rCorr  .         Warding  .     (no gloves)
rMut   .         Stasis   .     (no boots)
MR     .....                    (no amulet)
Stlth  ..........               (no ring)
                                (no ring)

@: lethally poisoned (0 -> -2), hasted, very quick, not resistant to hostile
enchantments, extremely unstealthy
A: no striking features
a: no special abilities

Inventory:

Hand Weapons
 a - a +0 war axe (weapon)
Missiles
 d - 3 throwing nets (quivered)
Armour
 c - a +0 helmet (worn)
 g - a cursed -2 chain mail (worn)
Scrolls
 b - 2 scrolls of identify {unknown}
 h - a scroll of remove curse {unknown}
 i - a scroll of recharging {unknown}
Potions
 f - a potion of haste
Comestibles
 e - 2 bread rations


   Skills:
 + Level 3.0 Fighting
 * Level 4.7 Axes
 - Level 1.7 Throwing
 + Level 1.5 Armour
 - Level 2.4 Dodging


You had 2 spell levels left.
You didn't know any spells.


You were on level 3 of the Dungeon.
You were not hungry.

You visited 1 branch of the dungeon, and saw 3 of its levels.

You collected 3 gold pieces.

##########
#........#
+.......>+
#....!...#
#o...oo..+
...oo.o@.#####
....ggg[..%..#
...o#..#.###.#.#
... #..#..#....#
. #...<....#
##.####.## #. .#
#. #

Notes
Turn   | Place    | Note
--------------------------------------------------------------
     0 | D:1      | ololoev the Hill Orc Gladiator began the quest for the Orb.
     0 | D:1      | Reached XP level 1. HP: 18/18 MP: 1/1
    67 | D:2      | Found a glowing golden altar of the Shining One.
    85 | D:2      | Reached XP level 2. HP: 15/25 MP: 2/2
   128 | D:2      | Reached skill level 1 in Armour
   231 | D:3      | Reached XP level 3. HP: 9/31 MP: 3/3
   232 | D:3      | Slain by an orc

Dungeon Overview and Level Annotations

Branches:
Dungeon (3/15)

Altars:
The Shining One


Message History

Found a stone staircase leading down.
There is a stone staircase leading up here.
Found an inky potion.
Found 3 fruits.
An adder comes into view.
An orc comes into view.
The orc shouts! 2 gnolls and 3 orcs come into view.
You see here a coppery potion.
The orc shouts!
The gnoll shouts!
The gnoll shouts!
The orc shouts!
You hit the adder.
The adder is severely wounded.
The adder closely misses you. The adder bites you.
A gnoll and an orc come into view.
Unknown command.
You miss the adder.
The adder is severely wounded.
The orc shouts!
The gnoll shouts!
The adder bites you.
You are poisoned.
The adder poisons you!
The gnoll moves out of view.
An orc comes into view. It is wielding a mace.
You closely miss the adder.
The adder is severely wounded.
You feel sick. The adder barely misses you. The adder closely misses you.
Unknown command.
You slash the adder!
You kill the adder!
Your Fighting skill increases to level 3!
You have reached level 3!
Your experience leads to an increase in your attributes!
Increase (S)trength, (I)ntelligence, or (D)exterity?
You feel stronger. The orc hits you.
An orc comes into view. It is wielding a mace.
Drink which item? (? for menu, Esc to quit)
It was a potion of haste.
You feel yourself speed up.
You feel sick.
The gnoll hits you from afar with a spear.
The orc hits you.
You die...

You could see 3 gnolls and 7 orcs.

Vanquished Creatures
  2 adders
  3 giant geckos
  A giant cockroach (D:1)
  A hobgoblin (D:1)
  2 bats (D:2)
  2 kobolds (D:2)
11 creatures vanquished.

Action                   || total
-------------------------++-------
Melee: War axe           ||    55
  Use: Potion            ||     1

Vault maps used:
D:1:      scummos_arrival_hexagon
D:2:      grunt_temple_overflow_order_and_chaos_2,
          nicolae_overflow_crystal_walls, first_bread, kennysheep_cross_room
D:3:      corexii_shack_village, bloody_trog, uniq_terence, uniq_sigmund
